 Dungeon Crawl Stone Soup version 0.18.1-48-g4cf74bf (webtiles) character file.

31 nikopol the Poker (level 3, -1/33 HPs)
             Began as a Minotaur Berserker on July 13, 2016.
             Was a Believer of Trog.
             Slain by Sigmund
             ... wielding a +0 scythe
              (12 damage)
             ... on level 2 of the Dungeon.
             The game lasted 00:01:28 (775 turns).

nikopol the Poker (Minotaur Berserker)               Turns: 775, Time: 00:01:29

Health: -1/33      AC:  2    Str: 21    XL:     3   Next: 7%
Magic:  2/2        EV: 12    Int:  4    God:    Trog [**....]
Gold:   36         SH:  0    Dex: 10    Spells: 0 memorised, 2 levels left

rFire  . . .     SeeInvis .     a - +0 spear
rCold  . . .     Gourm    .     b - +0 animal skin
rNeg   . . .     Faith    .     (no shield)
rPois  .         Spirit   .     (helmet restricted)
rElec  .         Dismiss  .     (no cloak)
rCorr  .         Reflect  .     (no gloves)
SustAt .         Harm     .     (no boots)
MR     .....     Rnd*Tele +     (no amulet)
Stlth  +.........               (no ring)
                                i - ring of teleportation (curse)

@: confused, not resistant to hostile enchantments, very unstealthy
A: retaliatory headbutt, horns 2
a: Berserk, Trog's Hand, Burn Spellbooks, Renounce Religion


You were on level 2 of the Dungeon.
You worshipped Trog.
Trog was pleased with you.
You were not hungry.

You visited 1 branch of the dungeon, and saw 2 of its levels.

You collected 36 gold pieces.

Inventory:

Hand Weapons
 a - a +0 spear (weapon)
Missiles
 p - 24 arrows (quivered)
Armour
 b - a +0 animal skin (worn)
 m - a cursed -2 plate armour
Jewellery
 i - a cursed ring of teleportation (left hand)
Scrolls
 e - 2 scrolls of teleportation {unknown}
 k - a scroll of remove curse {unknown}
 l - a scroll of magic mapping {unknown}
Potions
 d - 5 potions of curing {unknown}
 f - 2 potions of brilliance {unknown}
 g - a potion of cure mutation {unknown}
 j - a potion of ambrosia {unknown}
 n - 2 potions of resistance {unknown}
Comestibles
 c - 3 bread rations
 h - 2 slices of pizza
 o - 2 chunks of flesh


   Skills:
 + Level 4.0 Fighting
 + Level 4.0 Polearms
 + Level 2.7 Armour
 + Level 3.0 Dodging


You had 2 spell levels left.
You didn't know any spells.

Dungeon Overview and Level Annotations

Branches:
Dungeon (2/15)

Altars:

Annotations:
D:2 Sigmund


Innate Abilities, Weirdness & Mutations

You reflexively headbutt those who attack you in melee.
You have a pair of horns on your head.


Message History

i - a cursed ring of teleportation (left hand)
There is a stone staircase leading up here.
Sigmund the Dreaded comes into view.
He is wielding a scythe.
Sigmund shouts!
Sigmund gestures wildly while chanting.
Sigmund flickers and vanishes!
Deactivating autopickup; reactivate with Ctrl-A.
No target in view!
No target in view!
You are confused.
You bump into the rock wall.
You hear some strange, mumbled words.
You are more confused.
You bump into the rock wall.
You closely miss something. You headbutt something! Something hits you!
You're too confused to move!
Something hits you.
You miss something. You headbutt something! You hit something but do no damage.
Something hits you!
You're too confused to move!
Something hits you!
You die...

..##.... #. ... #.#..## #.# #.#
#...... #.. #.# #.###.##..# #..
##########.# #....##...
#..##.....(....r ####'####.
###.....# #.# #####.....).#.
......#.# #.# #...#.⌠...⌠.#.
........# #@# #.#.#)......#.
##.#.#.#########.#
#.#.+...⌠...+. #............<.[#
#.###.......##
.....#####.#########.###.⌠...⌠.#
##### #.............#.......#
#############.####'#### #......#
########


You could see a rat (wandering).

Vanquished Creatures
  3 dart slugs (D:1)
  2 giant geckos (D:1)
  2 giant cockroaches (D:1)
  5 goblins (D:1)
  5 hobgoblins (D:1)
  A kobold (D:1)
  2 rats (D:1)
20 creatures vanquished.

Notes
Turn   | Place    | Note
--------------------------------------------------------------
     0 | D:1      | nikopol the Minotaur Berserker began the quest for the Orb.
     0 | D:1      | Reached XP level 1. HP: 19/19 MP: 0/0
    43 | D:1      | Reached XP level 2. HP: 10/27 MP: 1/1
   594 | D:1      | Reached ** piety under Trog
   598 | D:1      | Reached XP level 3. HP: 25/33 MP: 2/2
   766 | D:2      | Noticed Sigmund
   775 | D:2      | Slain by Sigmund

Skill      XL: |  1  2  3 |
---------------+----------+-----
Dodging        | 3 |  3.0
Polearms       | 4 |  4.0
Fighting       | 4 |  4.0
Armour         | |  2.7

Action                   || total
-------------------------++-------
Melee: Spear             ||    56
       Headbutt          ||     6
Armor: Animal skin       ||     1
Dodge: Dodged            ||    16
